 Dungeon Crawl Stone Soup version 0.29-a0-542-g075992c915 (webtiles) character file.

Game seed: 11680956644288754591

96 oldriver the Chopper (level 4, 0/39 HPs)
             Began as a Palentonga Delver on June 4, 2022.
             Succumbed to Robin's poison
             ... on level 3 of the Dungeon.
             The game lasted 00:03:11 (2683 turns).

oldriver the Chopper (Palentonga Delver)            Turns: 2683, Time: 00:03:11

Health: 0/39       AC:  7    Str: 15 (17) XL:     4   Next: 41%
Magic:  4/4        EV:  9    Int:  7 (10) God:
Gold:   121        SH:  0    Dex:  9 (12) Spells: 3/3 levels left

rFire   . . .      SeeInvis +   a - +0 hand axe
rCold   . . .      Faith    .   (no shield)
rNeg    . . .      Spirit   .   j - +0 leather armour
rPois   .          Reflect  .   r - +2 hat
rElec   .          Harm     .   h - +0 cloak
rCorr   .          Rampage  .   (no gloves)
Will    .....                   (no barding)
Stlth   ++........              (no amulet)
HPRegen 0.13/turn               (no ring)
MPRegen 0.09/turn               (no ring)

@: mighty, lethally poisoned (0 -> -6), hasted, very quick
A: large, rugged brown scales 3, see invisible, deformed body, roll 1, armoured
tail
a: Rolling Charge


You were on level 3 of the Dungeon.
You visited 1 branch of the dungeon, and saw 5 of its levels.

You collected 121 gold pieces.

Inventory:

Hand Weapons
 a - a +0 hand axe (weapon)
 b - a +0 hunting sling of flaming
Armour
 h - a +0 cloak (worn)
 j - a +0 leather armour (worn)
 r - a +2 hat (worn)
Wands
 g - a wand of digging (3)
Scrolls
 c - a scroll of fog
 d - a scroll of magic mapping
 e - a scroll of fear
 m - a scroll of teleportation
 o - 2 scrolls of torment
Potions
 q - a potion of degeneration


   Skills:
 + Level 3.8 Fighting
 * Level 4.0 Axes
 - Level 1.5 Dodging
 - Level 3.3 Stealth


You had 3 spell levels left.
You didn't know any spells.
Your spell library contained the following spells:

 Spells                   Type           Power      Damage    Failure   Level
 Sublimation of Blood     Necr           0%         N/A       65%         2
 Wereblood                Tmut           0%         N/A       65%         2
 Summon Hydra             Summ           0%         N/A       100%        7


Dungeon Overview and Level Annotations

Branches:
Dungeon (5/15)
 Temple: D:4-7

Altars:
Ashenzari


Innate Abilities, Weirdness & Mutations

You are completely covered in rugged brown scales. (AC +3, +7% HP)
You have supernaturally acute eyesight. (SInv)
Armour fits poorly on your strangely shaped body.
You can roll at nearby foes to attack.
You have a long armoured tail.


Message History

Robin is almost dead.
You feel sick. Robin hits you but does no damage.
You are more poisoned.
You hit Robin but do no damage.
Robin is almost dead.
You feel sick. Robin hits you but does no damage.
You are lethally poisoned!
You hit Robin.
You kill Robin!
* * * LOW HITPOINT WARNING * * *
You feel very sick.
Your Axes skill increases to level 4!
It was a potion of degeneration.
There was something very wrong with that liquid.
You feel weakened.
You feel dopey.
You feel clumsy.
* * * LOW HITPOINT WARNING * * *
You feel sick.
There is a lethal amount of poison in your body!
It was a potion of might.
You feel very mighty all of a sudden.
* * * LOW HITPOINT WARNING * * *
You feel sick.
* * * LOW HITPOINT WARNING * * *
You feel sick.
Things that are here:
a +0 dagger; a goblin corpse
Okay, then.
Okay, then.
Okay, then.
Okay, then.
* * * LOW HITPOINT WARNING * * *
You feel sick.
There is a lethal amount of poison in your body!
* * * LOW HITPOINT WARNING * * *
You feel sick.
* * * LOW HITPOINT WARNING * * *
You feel sick.
Things that are here:
a +0 club; a goblin corpse You die...

#...#..# ..###.#.#..####
.>............+
..#.....#..#### #.###<#..#
#.###.#..# #.....#..#
################))..#..#
#.)..........@)))...'..#
#.##############)...##.##g
#.# ######


.gg #.# #.# ###.########### #.# #.............# ### #.# #############.# ..
#.##### #.# #. #...... #.##### #.##..# There were no monsters in sight!

Vanquished Creatures
  Robin (D:3)
  2 adders (D:2)
  A worm (D:2)
  5 ball pythons
  3 bats
  6 endoplasms
  5 giant cockroaches
  13 goblins
  8 hobgoblins
  4 kobolds
  3 quokkas
  A frilled lizard (D:2)
  3 rats
55 creatures vanquished.

Notes
Turn   | Place    | Note
-------+----------+-------------------------------------------
     0 | D:5      | oldriver the Palentonga Delver began the quest for the Orb.
     0 | D:5      | Reached XP level 1. HP: 19/19 MP: 1/1
     8 | D:5      | Found a broken altar of Ashenzari.
    17 | D:5      | Noticed an iguana
    35 | D:5      | Noticed an iguana
    91 | D:3      | Noticed an orc wizard
   473 | D:1      | Reached XP level 2. HP: 25/25 MP: 2/2
   532 | D:1      | Found a faded altar of an unknown god.
   942 | D:1      | Reached skill level 3 in Axes
  1207 | D:1      | Reached XP level 3. HP: 31/31 MP: 3/3
  1978 | D:2      | Reached XP level 4. HP: 38/39 MP: 4/4
  2649 | D:3      | Noticed Robin
  2676 | D:3      | Killed Robin
  2677 | D:3      | Reached skill level 4 in Axes
  2682 | D:3      | HP: 1/39 [poisoned by Robin]
  2683 | D:3      | Succumbed to Robin's poison

Illustrated notes

Levels and vault maps discovered:
D:1:      scummos_arrival_simple_crosswalls, layout_loops_corners,
          shapermc_ecumenical_altar_flowoftime
D:2:      layout_loops_corners
D:3:      layout_basic, uniq_robin, uniq_terence
D:4:      layout_loops_ring, nicolae_elyvilon_peaceful_grove,
          nicolae_dithmenos_shadow_blocks, temple_green, ebering_ghost_sewer_d,
          uniq_eustachio, uniq_grinder
D:5:      layout_loops_ring, fedhas_altar_fruit_tree,
          worldfamousw_hep_ancestral_shrine,
          mainiacjoe_overflow_six_doors_small, mainiacjoe_overflow_alcove_4,
          kennysheep_generic_room_5, uniq_sigmund

Skill      XL: |  1  2  3  4 |
---------------+-------------+-----
Axes           | 3 4 |  4.0
Fighting       | |  3.8
Dodging        | |  1.5
Stealth        | |  3.3

Action                   |  1- 3 |  4- 6 || total
-------------------------+-------+-------++-------
Melee: Hand axe          |    60 |    33 ||    93
       Tailslap          |     6 |     4 ||    10
       Punch             |     3 |       ||     3
 Fire: Hunting sling     |    85 |    15 ||   100
 Abil: Rolling Charge    |     7 |     3 ||    10
  Use: Scroll            |       |     5 ||     5
       Potion            |       |     4 ||     4
Armor: Leather armour    |    47 |    16 ||    63
Dodge: Dodged            |    56 |    22 ||    78

Table legend: (Time is in decaauts)
 A = Elapsed time spent in this place.
 B = Non-inter-level travel time spent in this place.
 C = Inter-level travel time spent in this place.
 D = Time resting spent in this place.
 E = Time spent auto-exploring this place.
 F = Levels seen in this place.
 G = Mean time per level.
                   A        B        C        D        E       F      G
               +--------+--------+--------+--------+--------+-----+--------+
         Total |   2734 |   2631 |    103 |    260 |   1795 |   5 |  546.8 |
       Dungeon |   2734 |   2631 |    103 |    260 |   1795 |   5 |  546.8 |
               +--------+--------+--------+--------+--------+-----+--------+

Top non-repeatable levels by time:
     D:1: 1318 daAuts
     D:2: 1117 daAuts
     D:3: 246 daAuts
     D:5: 42 daAuts
     D:4: 9 daAuts
